Map: [ESL] Royal Blood

Players

MaSa - Winner!

  • Race: Terran Terran
  • Spawn Location: 1:00

DisK

  • Race: Protoss Protoss
  • Spawn Location: 7:00

Event: ESL SC2 Masters 2023 Summer (Regionals)

VOD

Have the link to the VOD?

Description

Time

  • Played on: May 14, 2023, 3:43 p.m.
  • Length: 23:04

All games in this series

Show
View Real Time Build Order
Export as new Build Order

MaSa Terran - Winner!

Build Orders: 2 Factory 

Get SALT Encoding   

  12  0:00  SCV  
  13  0:13  Supply Depot  
  13  0:17  SCV  
  14  0:29  SCV  
  15  0:36  Barracks  
  15  0:41  Refinery  
  15  0:48  Refinery  
  15  0:52  SCV  
  16  1:04  SCV  
  17  1:16  SCV  
  18  1:23  Reaper  
  19  1:28  Orbital Command  
  19  1:44  Factory  
  19  1:54  Supply Depot  
  19  2:00  Bunker  
  19  2:05  Marine  
  21  2:15  SCV  
  20  2:23  Factory  
  20  2:27  SCV  
  21  2:32  Widow Mine  
  23  2:42  SCV, Marine  
  25  2:54  SCV, Factory Tech Lab  
  26  3:06  SCV  
  26  3:13  Factory Tech Lab, Siege Tank  
  26  3:19  Supply Depot  
  29  3:32  Supply Depot  
  29  3:40  SCV  
  33  3:41  Siege Tank  
  33  3:42  Marine  
  33  3:43  Supply Depot  
  33  3:45  Siege Tank  
  37  3:55  SCV  
  37  4:00  Marine  
  39  4:08  SCV  
  40  4:13  Siege Tank  
  43  4:17  Siege Tank  
  43  4:18  Marine  
  43  4:20  SCV  
  48  4:25  Supply Depot  
  47  4:35  Marine  
  49  4:45  Siege Tank  
  49  4:53  Marine  
  49  5:04  Siege Tank  
  49  5:06  Engineering Bay, Supply Depot  
  52  5:12  Bunker  
  51  5:24  SCV  
  49  5:33  Siege Tank  
  49  5:41  SCV  
  50  5:43  Bunker  
  50  5:53  SCV  
  50  5:58  Siege Tank  
  50  6:02  Missile Turret  
  50  6:14  SCV  
  48  6:21  Bunker, Marine  
  48  6:22  Orbital Command  
  35  6:41  Missile Turret  
  35  7:02  Bunker  
  35  7:03  Marine  
  33  8:07  Orbital Command  
  33  8:35  Orbital Command  
  31  8:51  Orbital Command  
  28  9:26  Engineering Bay  
  28  9:52  Missile Turret  
  28  10:16  Supply Depot  
  27  10:27  Missile Turret  
  26  10:37  SCV  
  26  10:38  Hellion  
  30  10:49  SCV  
  30  10:50  Refinery  
  30  10:59  Bunker  
  30  11:02  SCV  
  31  11:17  SCV  
  31  11:31  Hellion  
  31  11:42  Command Center  
  31  11:45  Supply Depot  
  31  12:06  Marine  
  31  12:07  SCV  
  33  12:08  Missile Turret  
  33  12:10  Bunker  
  33  12:19  SCV  
  33  12:22  Command Center  
  33  12:31  Marine  
  33  12:33  Factory Tech Lab  
  34  12:42  SCV  
  35  12:54  Siege Tank  
  39  12:58  SCV  
  39  13:03  Orbital Command  
  39  13:10  SCV, Barracks Reactor  
  38  13:32  SCV  
  38  13:39  Orbital Command  
  38  13:40  SCV  
  39  13:42  Refinery  
  39  13:44  SCV  
  39  13:47  Marine x2  
  42  13:56  Barracks, SCV  
  42  13:58  SCV  
  44  14:05  Marine, Factory Tech Lab  
  44  14:07  Marine  
  44  14:08  SCV  
  47  14:13  SCV x2  
  49  14:22  Supply Depot  
  49  14:25  Marine  
  49  14:26  Supply Depot  
  49  14:29  SCV  
  51  14:38  Marine  
  51  14:41  SCV  
  51  14:43  Marine  
  54  14:46  Barracks, Stimpack  
  54  14:49  SCV  
  55  14:53  SCV  
  55  14:57  Marine  
  55  14:59  Marine  
  58  15:00  Barracks  
  58  15:05  SCV  
  59  15:10  SCV  
  59  15:14  Marine x2  
  61  15:17  Marine, SCV  
  61  15:18  Barracks  
  64  15:22  SCV  
  65  15:29  SCV  
  65  15:32  Marine x2  
  65  15:35  Marine  
  68  15:45  Siege Tank  
  68  15:49  Marine x2  
  72  15:50  Barracks, SCV, Marine x2  
  72  15:53  Marine  
  72  15:55  Barracks  
  76  16:03  SCV  
  76  16:05  Orbital Command  
  76  16:07  SCV, Marine x2  
  77  16:12  Marine x3  
  77  16:15  SCV  
  81  16:25  Marine x2  
  82  16:27  Refinery x2  
  82  16:30  SCV, Supply Depot, Marine x2  
  85  16:38  Marine  
  85  16:39  SCV  
  84  16:43  Marine, Supply Depot  
  85  16:47  Supply Depot  
  85  16:48  Marine x4  
  85  16:50  SCV  
  84  16:56  Marine  
  84  16:57  Marauder, SCV  
  84  16:58  SCV  
  84  17:01  Marine  
  90  17:03  SCV  
  90  17:05  Starport  
  90  17:06  Marine x4  
  94  17:09  SCV  
  94  17:10  SCV  
  94  17:14  Marine  
  94  17:15  SCV  
  79  17:18  Marine x2  
  79  17:21  SCV  
  79  17:22  SCV  
  70  17:23  Marine x2  
  70  17:27  SCV  
  64  17:33  SCV  
  64  17:34  SCV  
  64  17:36  Marauder  
  67  17:39  SCV  
  67  17:41  Supply Depot  
  68  17:45  SCV  
  68  17:46  SCV  
  70  17:51  SCV  
  70  17:52  Widow Mine, Marine x5  
  70  17:53  Marine  
  70  17:57  Marauder, SCV  
  70  17:58  SCV  
  80  18:03  SCV  
  80  18:04  Supply Depot x2  
  80  18:05  Medivac  
  83  18:10  SCV x2, Marine x2  
  87  18:15  SCV  
  87  18:18  Widow Mine, Marine x5, Command Center  
  95  18:22  SCV  
  95  18:23  Supply Depot  
  95  18:24  SCV  
  97  18:27  SCV  
  97  18:32  Marine x2  
  97  18:34  SCV  
  99  18:35  Marine x2, Medivac  
  99  18:36  SCV, Supply Depot  
  99  18:37  Marauder  
  99  18:38  Marine x2  
  99  18:39  SCV  
  111  18:41  Widow Mine  
  111  18:46  SCV  
  111  18:48  SCV  
  113  18:50  Marine x2, Supply Depot  
  113  18:53  Marine x2  
  117  18:56  Marine  
  117  18:58  Marauder  
  117  19:02  Marine  
  121  19:08  Marine x2  
  120  19:11  Orbital Command, Marine x2  
  120  19:14  Marine  
  118  19:19  Marauder  
  118  19:20  Marine  
  110  19:28  Medivac  
  110  19:29  SCV  
  96  19:52  Marine x3  
  81  19:53  Marine x3, Marauder  
  81  19:56  SCV x2  
  81  20:07  SCV  
  81  20:08  SCV  
  81  20:10  Marine x5, Planetary Fortress  
  81  20:11  Marine  
  91  20:14  Marauder  
  91  20:19  SCV x2  
  93  20:28  Marine x3, SCV  
  84  20:32  Marine x2  
  84  20:33  Marine  
  84  20:35  Marine  
  89  20:37  SCV x2  
  89  20:38  Medivac  
  89  20:41  Orbital Command  
  90  20:45  Missile Turret  
  90  20:46  Marine x3  
  93  20:50  SCV, Missile Turret  
  94  21:01  SCV x2  
  94  21:02  SCV  
  94  21:03  Marine x2, Marauder  
  100  21:08  Combat Shield  
  100  21:09  SCV  
  100  21:17  SCV x2  
  102  21:20  SCV  
  103  21:27  Marine  
  103  21:28  Marine x2, Marauder  
  103  21:30  Widow Mine  
  103  21:32  Medivac  
  111  21:38  Marine x3  
  114  21:45  Marine x2, SCV  
  114  21:46  SCV  
  114  21:56  Marine x2  
  114  21:57  Marine x2, Siege Tank, Marauder  
  114  22:00  SCV  
  114  22:01  SCV  
  125  22:02  SCV  
  125  22:03  Marine  
  127  22:12  Command Center  
  111  22:21  Barracks Tech Lab  
  111  22:22  SCV, Medivac  
  111  22:24  Barracks Reactor  
  111  22:25  SCV  
  111  22:28  Marine, Missile Turret  
  111  22:29  Marauder  
  117  22:30  Widow Mine, Marine  
  117  22:34  Marine x2  
  120  22:37  SCV  
  120  22:39  Marine  
  121  22:46  Marine  
  121  22:47  Command Center  
  121  22:49  SCV  
  125  22:52  SCV  
Show
View Real Time Build Order
Export as new Build Order

DisK Protoss 

Build Orders: 1 Gate Expand, Blink Stalkers 

Get SALT Encoding   

  12  0:01  Probe  
  13  0:13  Probe  
  14  0:17  Pylon  
  14  0:25  Probe (Chrono Boost)  
  15  0:35  Gateway  
  15  0:37  Probe (Chrono Boost)  
  16  0:46  Probe (Chrono Boost)  
  16  0:49  Assimilator  
  17  0:52  Probe  
  18  1:04  Probe  
  19  1:16  Probe  
  20  1:23  Cybernetics Core  
  22  1:32  Nexus  
  22  1:45  Pylon  
  22  1:47  Probe  
  22  1:53  Assimilator  
  23  1:56  Stalker (Chrono Boost)  
  23  2:03  Probe  
  23  2:16  Probe  
  23  2:21  Stalker (Chrono Boost)  
  26  2:28  Probe  
  27  2:33  Shield Battery  
  27  2:34  Warp Gate  
  27  2:41  Probe (Chrono Boost)  
  28  2:49  Probe (Chrono Boost)  
  31  2:58  Probe (Chrono Boost)  
  31  2:59  Probe (Chrono Boost)  
  31  3:04  Probe x2 (Chrono Boost)  
  32  3:05  Twilight Council  
  33  3:16  Probe x2  
  34  3:25  Gateway  
  34  3:28  Probe  
  34  3:29  Probe  
  34  3:32  Robotics Facility  
  36  3:36  Blink (Chrono Boost)  
  36  3:40  Probe  
  37  3:41  Probe  
  38  3:50  Gateway  
  38  3:52  Probe  
  38  3:55  Gateway  
  39  3:56  Probe  
  40  4:04  Pylon  
  40  4:05  Probe  
  40  4:09  Probe  
  42  4:13  Assimilator  
  41  4:17  Probe, Warp Prism (Chrono Boost)  
  41  4:21  Probe  
  45  4:25  Stalker  
  47  4:36  Stalker  
  49  4:40  Probe, Shield Battery  
  49  4:41  Probe  
  49  4:44  Stalker  
  53  4:48  Pylon  
  53  4:59  Shield Battery  
  53  5:03  Dark Shrine  
  53  5:04  Pylon  
  53  5:09  Stalker x3  
  53  5:12  Stalker  
  61  5:20  Pylon  
  61  5:21  Pylon  
  61  5:32  Immortal (Chrono Boost)  
  55  5:36  Adept x2  
  55  5:37  Adept  
  58  5:46  Shield Battery  
  58  5:48  Shield Battery  
  56  6:16  Dark Templar x2  
  50  6:28  Dark Templar  
  50  6:32  Shield Battery  
  50  7:01  Nexus  
  50  7:06  Pylon  
  43  7:35  Shield Battery  
  43  7:36  Shield Battery  
  43  8:52  Pylon  
  37  9:27  Pylon  
  37  9:49  Nexus  
  37  9:50  Gateway  
  37  9:51  Gateway  
  37  9:53  Gateway  
  30  10:08  Pylon  
  30  10:10  Pylon  
  30  10:27  Gateway  
  30  10:29  Probe  
  31  10:41  Probe  
  32  10:43  Cybernetics Core  
  32  10:49  Zealot x3  
  38  10:53  Probe  
  39  11:04  Probe  
  39  11:05  Probe  
  38  11:16  Probe  
  37  11:21  Stalker  
  30  11:41  Stalker  
  30  11:46  Probe (Chrono Boost)  
  33  11:48  Probe (Chrono Boost)  
  34  11:58  Probe (Chrono Boost)  
  35  12:02  Probe (Chrono Boost)  
  35  12:06  Assimilator  
  34  12:19  Probe x2  
  36  12:32  Probe (Chrono Boost)  
  36  12:35  Assimilator  
  38  12:39  Probe (Chrono Boost)  
  38  12:42  Probe (Chrono Boost)  
  38  12:43  Shield Battery  
  39  12:55  Stalker  
  39  12:56  Probe  
  42  13:05  Pylon  
  42  13:08  Probe  
  42  13:11  Stalker  
  45  13:20  Probe  
  46  13:33  Stalker x2  
  49  13:40  Stalker  
  50  13:56  Pylon  
  49  14:06  Zealot x3  
  49  14:07  Twilight Council  
  55  14:37  Nexus  
  55  14:38  Charge (Chrono Boost)  
  55  14:49  Pylon  
  55  14:59  Stalker x2  
  59  15:01  Sentry  
  61  15:13  Probe  
  62  15:27  Zealot x3  
  68  15:29  Probe  
  69  15:49  Probe  
  71  15:50  Probe  
  71  15:52  Shield Battery  
  71  15:58  Stalker x2  
  74  16:05  Zealot  
  74  16:07  Probe x2  
  78  16:19  Probe  
  78  16:20  Gateway  
  79  16:31  Zealot x2  
  83  16:36  Zealot  
  77  17:01  Zealot x3  
  81  17:03  Probe x2  
  81  17:04  Gateway  
  41  17:30  Stalker  
  41  17:31  Stalker x4  
  41  17:33  Probe x2 (Chrono Boost)  
  49  17:43  Probe x2 (Chrono Boost), Dark Shrine  
  51  17:48  Probe x2 (Chrono Boost)  
  45  17:59  Stalker x3  
  45  18:04  Stalker, Sentry  
  55  18:08  Probe x2  
  57  18:18  Zealot  
  59  18:24  Sentry  
  59  18:25  Zealot, Sentry  
  65  18:30  Probe x2  
  67  18:37  Zealot x2  
  71  18:46  Nexus  
  71  18:49  Pylon  
  71  19:00  Dark Templar  
  71  19:02  Zealot x2  
  77  19:09  Pylon  
  77  19:13  Zealot x3  
  73  19:25  Dark Templar  
  73  19:29  Dark Templar  
  71  19:37  Zealot x2  
  71  19:44  Zealot x2  
  57  19:59  Zealot x2  
  57  20:02  Probe x2  
  57  20:06  Zealot x2  
  59  20:17  Gateway x2  
  59  20:19  Gateway  
  59  20:20  Zealot  
  47  20:28  Zealot x2  
  49  20:36  Gateway  
  49  20:38  Gateway  
  49  20:41  Stalker  
  51  20:50  Stalker x2  
  54  21:05  Dark Templar  
  56  21:12  Zealot x2  
  56  21:13  Gateway  
  56  21:15  Zealot x2  
  56  21:17  Assimilator  
  64  21:25  Zealot  
  66  21:33  Zealot x5  
  66  21:39  Pylon  
  76  21:45  Pylon  
  70  22:01  Zealot  
  62  22:06  Probe x2  
  60  22:18  Zealot x2  
  60  22:19  Zealot x2  
  68  22:33  Zealot  
Tags
 
Add a new tag
Caveats
  • Supply blocks, unpowered buildings, or Contaminate may cause inaccurate times.
  • Supply counts are checked every 10 seconds.